 Dungeon Crawl Stone Soup version 0.22-a0-772-gac08f70 (webtiles) character file.

80 Limpidissima the Skirmisher (level 4, -5/40 HPs)
             Began as a Draconian Monk on July 17, 2018.
             Killed from afar by Sigmund (7 damage)
             ... with a puff of flame
             ... on level 2 of the Dungeon.
             The game lasted 00:04:44 (1590 turns).

Limpidissima the Skirmisher (Draconian Monk)        Turns: 1590, Time: 00:04:45

Health: -5/40      AC:  5    Str: 15    XL:     4   Next: 18%
Magic:  4/4        EV: 13    Int: 10    God:
Gold:   18         SH:  0    Dex: 13    Spells: 3/3 levels left

rFire    . . .     SeeInvis .     - Unarmed
rCold    . . .     Gourm    .   (no shield)
rNeg     . . .     Faith    .   (armour unavailable)
rPois    .         Spirit   .   (helmet restricted)
rElec    .         Reflect  .   (no cloak)
rCorr    .         Harm     .   (no gloves)
MR       .....                  (no boots)
Stlth    ++........             (no amulet)
HPRegen  0.13/turn              h - ring of stealth
MPRegen  0.09/turn              (no ring)

@: confused
A: unfitting armour, cold-blooded, AC +5
a: no special abilities


You were on level 2 of the Dungeon.
You were not hungry.

You visited 1 branch of the dungeon, and saw 2 of its levels.

You collected 18 gold pieces.

Inventory:

Jewellery
 h - a ring of stealth (left hand)
Scrolls
 c - a scroll of identify {unknown}
 d - a scroll of teleportation {unknown}
 e - a scroll of fog {unknown}
 g - a scroll of remove curse {unknown}
Potions
 b - a potion of magic {unknown}
 f - a potion of ambrosia {unknown}
 i - a potion of agility {unknown}
Comestibles
 a - 3 rations
 j - a chunk of flesh


   Skills:
 + Level 4.0 Fighting
 * Level 3.7 Dodging
 - Level 1.7 Stealth
 + Level 3.6 Unarmed Combat


You had 3 spell levels left.
You didn't know any spells.
Your spell library was empty.

Dungeon Overview and Level Annotations

Branches:
Dungeon (2/15)

Altars:

Annotations:
D:2 Natasha, Sigmund


Innate Abilities, Weirdness & Mutations

Your plain brown scales are hard. (AC +5)
You cannot fit into any form of body armour.
You are cold-blooded and may be slowed by cold attacks.


Message History

You hit Sigmund.
Your tail-slap misses Sigmund.
Sigmund is lightly wounded.
Sigmund hits you with a scythe!
* * * LOW HITPOINT WARNING * * *
You hit Sigmund but do no damage.
Sigmund is lightly wounded.
Sigmund gestures wildly while chanting.
Sigmund flickers and vanishes!
You hit something.
Your tail-slap misses something.
You hear some strange, mumbled words.
You are confused.
A magic dart appears from out of thin air!
The magic dart hits you!
* * * LOW HITPOINT WARNING * * *
You hear some strange, mumbled words.
Something tries to affect you, but you resist.
You hear some strange, mumbled words.
A puff of flame appears from out of thin air!
The puff of flame hits you!
You die...

######## ##......##
##........## #..........#
#..@.^.....# ###
.#..........#######..
.........................
.....#....>.....#######..
#### ##........### #..
###........†.######..
.......<............#
.#...........####..##
#..................


There were no monsters in sight!

Vanquished Creatures
  Natasha (D:2)
  An adder (D:2)
  3 dart slugs
  A leopard gecko (D:2)
  A ball python (D:1)
  2 giant cockroaches
  3 hobgoblins (D:1)
  12 jackals
  3 kobolds
  A quokka (D:1)
  2 bats (D:2)
  2 frilled lizards (D:1)
  2 goblins
  3 rats
37 creatures vanquished.

Notes
Turn   | Place    | Note
-------+----------+-------------------------------------------
     0 | D:1      | Limpidissima the Draconian Monk began the quest for the Orb.
     0 | D:1      | Reached XP level 1. HP: 19/19 MP: 1/1
    39 | D:1      | Reached XP level 2. HP: 12/26 MP: 2/2
   770 | D:2      | Noticed Sigmund
   809 | D:1      | Reached XP level 3. HP: 4/31 MP: 3/3
  1100 | D:2      | Noticed Natasha
  1123 | D:2      | Killed Natasha
  1498 | D:2      | Noticed Natasha
  1516 | D:2      | Reached XP level 4. HP: 25/40 MP: 4/4
  1554 | D:2      | Reached skill level 4 in Fighting
  1587 | D:2      | HP: 2/40 [something/magic dart (4)]
  1590 | D:2      | Killed from afar by Sigmund

Vault maps used:
D:1:      moated_graveyard_arrival, st_stairs_13, minmay_misc_feat_roman
D:2:      uniq_natasha, uniq_sigmund

Skill      XL: |  1  2  3  4 |
---------------+-------------+-----
Dodging        | 3 |  3.7
Fighting       | 4 |  4.0
Stealth        | |  1.7
Unarmed Combat | |  3.6

Action                   |  1- 3 |  4- 6 || total
-------------------------+-------+-------++-------
Melee: Unarmed           |   125 |    14 ||   139
       Tailslap          |    13 |       ||    13
       Punch             |     1 |       ||     1
 Stab: Sleeping          |     2 |       ||     2
  Eat: Ration            |     1 |       ||     1
Armor: Skin              |    44 |     8 ||    52
Dodge: Dodged            |   111 |    16 ||   127

Table legend:
 A = Spawn XP
 B = Non-spawn XP
 C = Spawn XP percentage of total XP
 D = Spawn monster count
 E = Non-spawn monster count
 F = Spawn count percentage of total count
 G = Total turns spent on level
                    A         B        C        D         E        F      G
               +---------+---------+-------+---------+---------+-------+---------
         Total |       0 |     115 |   0.0 |       0 |      37 |   0.0 |  1590
               +---------+---------+-------+---------+---------+-------+---------
           D:1 |       0 |      37 |   0.0 |       0 |      19 |   0.0 |  1017
           D:2 |       0 |      78 |   0.0 |       0 |      18 |   0.0 |   573
               +---------+---------+-------+---------+---------+-------+---------
